 Dungeon Crawl Stone Soup version 0.25.1-11-g244df3a29b (webtiles) character file.

Game seed: 4463172059435138577

1256 Acheron the Magician (level 8, -2/56 HPs)
             Began as a Mummy Wizard on Sept 16, 2022.
             Slain by an orc
             ... wielding a +0 club
              (3 damage)
             ... on level 8 of the Dungeon.
             The game lasted 01:08:42 (9861 turns).

Acheron the Magician (Mummy Wizard)                 Turns: 9861, Time: 01:08:53

Health: -2/56      AC:  3    Str: 10    XL:     8   Next: 26%
Magic:  3/18       EV: 12    Int: 19    God:
Gold:   382        SH:  0    Dex: 11    Spells: 11/21 levels left

rFire    x . .     SeeInvis .   o - +0 war axe
rCold    + . .     Gourm    .   (no shield)
rNeg     + + +     Faith    .   i - +0 robe
rPois    ∞         Spirit   .   b - +1 hat
rElec    .         Reflect  .   (no cloak)
rCorr    .         Harm     .   (no gloves)
MR       +....                  (no boots)
Stlth    ++........             (no amulet)
HPRegen  0.18/turn              (no ring)
MPRegen  0.16/turn              (no ring)

@: no status effects
A: no food or potions, fire vulnerability, cold resistance 1, negative energy
resistance 3, torment resistance, unbreathing
a: no special abilities


You were on level 8 of the Dungeon.
You were not hungry.

You visited 1 branch of the dungeon, and saw 9 of its levels.

You collected 382 gold pieces.

Inventory:

Hand Weapons
 d - a +0 short sword
 f - a +0 falchion
 j - a +0 hand axe
 n - a +0 flail
 o - a +0 war axe (weapon)
 p - a +0 trident
Missiles
 c - 95 stones
 g - 5 boomerangs
 k - 41 poisoned darts
 l - 3 curare-tipped darts (quivered)
Armour
 b - a +1 hat (worn)
 i - a +0 robe (worn)
Wands
 h - a wand of enslavement (8)
Scrolls
 a - a scroll of remove curse
 e - 2 scrolls of fog
 m - 3 scrolls of identify
 q - a scroll of magic mapping


   Skills:
 * Level 2.2 Fighting
 + Level 1.7 Short Blades
 * Level 0.8 Axes
 * Level 1.7 Throwing
 * Level 2.6 Dodging
 * Level 2.6 Stealth
 * Level 7.2 Spellcasting
 * Level 2.1 Conjurations
 * Level 1.8 Hexes
 * Level 3.4 Summonings
 * Level 2.1 Translocations
 * Level 0.9 Evocations


You had 11 spell levels left.
You knew the following spells:

 Your Spells              Type           Power        Failure   Level  Hunger
a - Magic Dart            Conj           ###.         4%          1    N/A
b - Blink                 Tloc           N/A          6%          2    N/A
c - Call Imp              Summ           ###.....     3%          2    N/A
d - Slow                  Hex            ##......     7%          2    N/A
e - Conjure Flame         Conj/Fire      ##......     19%         3    N/A

Your spell library contained the following spells:

 Spells                   Type           Power        Failure   Level  Hunger
 Mephitic Cloud           Conj/Pois/Air  #.......     22%         3    N/A

Dungeon Overview and Level Annotations

Branches:
Dungeon (9/15)
 Temple: D:4-7         Lair: D:8-11         Orc: D:9-12

Altars:
Cheibriados
Dithmenos
Elyvilon
Gozag
Kikubaaqudgha
Makhleb
Okawaru
Sif Muna
Uskayaw
Wu Jian
Xom

Annotations:
D:3 1 runed translucent door, exclusion: downstairs, kate's ghost, amateur DsFi
D:5 exclusion: 2 downstairs
D:8 Joseph


Innate Abilities, Weirdness & Mutations

You do not eat or drink.
Your flesh is vulnerable to fire.
You are immune to poison.
Your flesh is cold resistant. (rC+)
You are immune to negative energy. (rN+++)
You are immune to unholy pain and torment.
You can survive without breathing.


Message History

You completely miss the yak.
The yak is almost dead.
The yak barely misses you.
You hit the yak but do no damage.
The yak is almost dead.
The yak gores you! The yak closely misses you.
You closely miss the yak.
The yak is almost dead.
The yak gores you.
You completely miss the yak.
The yak is almost dead.
The yak barely misses you. The yak gores you!
* * * LOW HITPOINT WARNING * * *
The yak gores you.
* * * LOW HITPOINT WARNING * * *
You climb upwards.
Level annotation: Joseph The orc warrior hits you but does no damage.
The orc hits you with a +0 club.
You die...

.....#........##...........##
.....##.......#.............##
.............................#
......#.........o...........##
......##................(...##
....####.....................#
....#.##.................##..###
.........#...÷...o>##...####...#
..........#....Y@...#....#...####
..........#....>.o...........##..
..........#...........#.##...##..
.##.....................####..#..
.##......#...............#.......
##..##..##....................#.#
#<. #####...................####
#..####.........##.........# #
#...................##....## #


You could see a yak, an orc warrior, an orc priest and an orc.

Vanquished Creatures
  A hungry ghost (D:7)
  An ice beast (D:5)
  A necrophage (D:8)
  2 bullfrogs
  An orc priest (D:7)
  An adder (D:7)
  An ooze (D:1)
  An adder skeleton (D:8)
  A dart slug (D:1)
  3 leopard geckos
  A ball python (D:3)
  4 giant cockroaches
  7 goblins
  4 hobgoblins
  5 jackals
  2 quokkas
  8 bats
  5 frilled lizards
  A jackal skeleton (D:4)
  3 kobolds
  11 rats
64 creatures vanquished.

Vanquished Creatures (collateral kills)
  Grinder (D:5)
  A wyvern (D:5)
  An orc warrior (D:6)
  A sky beast (D:5)
  An ice beast (D:5)
  A phantom (D:4)
  3 centaurs
  A bullfrog (D:7)
  A scorpion (D:9)
  2 crimson imps (D:5)
  A bullfrog zombie (D:7)
  2 orc priests
  2 orc wizards
  An iguana (D:4)
  A worker ant zombie (D:5)
  2 adders
  4 worms
  2 dart slugs (D:1)
  18 orcs
  A giant cockroach (D:1)
  2 hobgoblins (D:2)
  5 jackals
  2 bats
  A frilled lizard (D:2)
  A giant cockroach zombie (D:6)
  2 kobolds
  A rat (D:2)
61 creatures vanquished.

Vanquished Creatures (others)
  A hound (D:4)
  An adder (D:4)
  An orc (D:4)
3 creatures vanquished.

Grand Total: 128 creatures vanquished

Notes
Turn   | Place    | Note
-------+----------+-------------------------------------------
     0 | D:1      | Acheron the Mummy Wizard began the quest for the Orb.
     0 | D:1      | Reached XP level 1. HP: 13/13 MP: 5/5
   427 | D:1      | Reached XP level 2. HP: 19/19 MP: 1/7
   431 | D:1      | Learned a level 2 spell: Blink
   434 | D:1      | Learned a level 2 spell: Call Imp
   437 | D:1      | Learned a level 2 spell: Slow
  1782 | D:2      | Reached XP level 3. HP: 22/24 MP: 6/9
  1875 | D:2      | Reached skill level 1 in Conjurations
  2365 | D:2      | Found a shimmering blue altar of Sif Muna.
  2370 | D:2      | Found an ornate altar of the Wu Jian Council.
  2379 | D:2      | Found an iron altar of Okawaru.
  2864 | D:2      | Learned a level 3 spell: Conjure Flame
  2875 | D:3      | Reached skill level 1 in Summonings
  2937 | D:3      | Reached skill level 5 in Spellcasting
  3104 | D:4      | Found a hide-covered altar of Uskayaw.
  3572 | D:3      | Reached XP level 4. HP: 30/31 MP: 2/11
  3704 | D:3      | Noticed kate's ghost (amateur DsFi)
  3707 | D:3      | Found a runed translucent door.
  4253 | D:3      | Reached skill level 1 in Short Blades
  4254 | D:3      | Reached skill level 1 in Translocations
  4637 | D:4      | Noticed a phantom
  4877 | D:4      | Killed a phantom
  4877 | D:4      | Reached skill level 1 in Fighting
  4877 | D:4      | Reached XP level 5. HP: 5/37 MP: 2/12
  5183 | D:4      | Found a white marble altar of Elyvilon.
  5236 | D:5      | Entered Level 5 of the Dungeon
  5403 | D:4      | Found a shimmering altar of Xom.
  5403 | D:4      | Noticed an orc warrior
  5654 | D:5      | Noticed a wyvern
  5674 | D:5      | Killed a wyvern
  5674 | D:5      | Reached skill level 1 in Hexes
  5674 | D:5      | Reached XP level 6. HP: 6/43 MP: 5/14
  6093 | D:5      | Noticed Grinder
  6094 | D:5      | Noticed an ice beast
  6118 | D:5      | Killed an ice beast
  6118 | D:5      | Reached skill level 1 in Throwing
  6118 | D:5      | Reached skill level 6 in Spellcasting
  6196 | D:5      | Killed Grinder
  6196 | D:5      | Reached XP level 7. HP: 38/48 MP: 3/16
  6712 | D:8      | Found a burning altar of Makhleb.
  7967 | D:6      | Noticed a two-headed ogre
  9041 | D:7      | Reached skill level 7 in Spellcasting
  9041 | D:7      | Reached XP level 8. HP: 56/56 MP: 10/18
  9358 | D:8      | Found a snail-covered altar of Cheibriados.
  9358 | D:8      | Found a shadowy altar of Dithmenos.
  9359 | D:8      | Found an opulent altar of Gozag.
  9366 | D:8      | Found an ancient bone altar of Kikubaaqudgha.
  9454 | D:8      | Noticed a two-headed ogre
  9523 | D:8      | Noticed Joseph
  9547 | D:8      | Noticed a two-headed ogre
  9860 | D:9      | HP: 1/56 [yak (5)]
  9861 | D:8      | Slain by an orc

Illustrated notes

Levels and vault maps discovered:
D:1:      psy_arrival_whirlpool, layout_loops_corners
D:2:      layout_loops_ring, minitemple, first_ration, minmay_pentomino_u4
D:3:      layout_basic, hellmonk_ghost_happy_afterlife
D:4:      wad_crossroads, layout_rooms, kennysheep_mini_moat, elyvilon_altar_3,
          xom_confusion_cloud, feat_on_display
D:5:      layout_loops_cross, uniq_grinder
D:6:      layout_loops_corners
D:7:      layout_gridville, minmay_temple_entry_fiery
D:8:      layout_cave_pools, bloody_makhleb, nicolae_overflow_quartered_altars,
          uniq_joseph
D:9:      layout_basic, yredelemnul_altar_generic

Skill      XL: |  1  2  3  4  5  6  7 |
---------------+----------------------+-----
Conjurations   | 1 2 |  2.1
Summonings     | 1 2 3 |  3.4
Spellcasting   | 5 6 7 |  7.2
Short Blades   | 1 |  1.7
Translocations | 1 2 |  2.1
Fighting       | 1 2 |  2.2
Dodging        | 2 |  2.6
Stealth        | 2 |  2.6
Hexes          | 1 |  1.8
Throwing       | 1 |  1.7
Axes           | |  0.8
Evocations     | |  0.9

Action                   |  1- 3 |  4- 6 |  7- 9 || total
-------------------------+-------+-------+-------++-------
Melee: Short sword       |   105 |    83 |    39 ||   227
       War axe           |       |       |    55 ||    55
Throw: Boomerang         |       |     1 |       ||     1
       Dart              |       |     2 |       ||     2
 Cast: Magic Dart        |    39 |    25 |       ||    64
       Call Imp          |    27 |    63 |    88 ||   178
       Blink             |     4 |     1 |     6 ||    11
  Use: Scroll            |     5 |     4 |       ||     9
 Stab: Sleeping          |     3 |     2 |     3 ||     8
       Distracted        |       |       |     1 ||     1
Armor: Robe              |    28 |    18 |    17 ||    63
Dodge: Dodged            |    69 |    57 |    68 ||   194
